 Dungeon Crawl Stone Soup version 0.24-a0-506-g958ff8eaa0 (webtiles) character file.

Game seed: 8759682480850504097

80 Gargoyl the Skirmisher (level 4, -1/38 HPs)
             Began as a Centaur Abyssal Knight on July 18, 2019.
             Was a Believer of Lugonu.
             Slain by a gnoll
             ... wielding a cursed -2 spear
              (3 damage)
             ... on level 3 of the Dungeon.
             The game lasted 00:03:40 (2873 turns).

Gargoyl the Skirmisher (Centaur Abyssal Knight)     Turns: 2873, Time: 00:03:40

Health: -1/38      AC:  6    Str: 15    XL:     4   Next: 18%
Magic:  5/5        EV:  7    Int: 11    God:    Lugonu [**....]
Gold:   122        SH:  0    Dex:  9    Spells: 3/3 levels left

rFire    . . .     SeeInvis .   a - +1 hand axe
rCold    . . .     Gourm    .   (no shield)
rNeg     . . .     Faith    .   k - +0 scale mail
rPois    .         Spirit   .   (no helmet)
rElec    .         Reflect  .   (no cloak)
rCorr    .         Harm     .   (no gloves)
MR       .....                  (no barding)
Stlth    ..........             (no amulet)
HPRegen  0.12/turn              (no ring)
MPRegen  0.09/turn              (no ring)

@: very quick
A: large, hooves 3, deformed body, speed 2, tough skin 3
a: Depart the Abyss, Bend Space, Renounce Religion


You were on level 3 of the Dungeon.
You worshipped Lugonu.
Lugonu was pleased with you.
You were not hungry.

You visited 1 branch of the dungeon, and saw 3 of its levels.
You visited the Abyss 1 time.

You collected 122 gold pieces.

Inventory:

Hand Weapons
 a - a +1 hand axe (weapon)
 e - a +0 war axe
Armour
 k - a +0 scale mail (worn)
Scrolls
 b - a scroll of fog
 g - 3 scrolls of remove curse
 j - 2 scrolls of teleportation
 l - 2 scrolls of identify
Potions
 d - a potion of heal wounds
 f - a potion of mutation {unknown}
 h - a potion of degeneration {unknown}
 i - 3 potions of haste {unknown}
Comestibles
 c - 7 rations


   Skills:
 + Level 3.5 Fighting
 + Level 2.4 Axes
 * Level 2.1 Armour
 * Level 1.3 Dodging
 * Level 2.4 Invocations


You had 3 spell levels left.
You didn't know any spells.
Your spell library was empty.

Dungeon Overview and Level Annotations

Branches:
Dungeon (3/15)

Altars:


Innate Abilities, Weirdness & Mutations

You have hooves in place of feet.
Armour fits poorly on your strangely shaped body.
You cover ground very quickly.
You have extremely tough skin. (AC +3)


Message History

Your scale mail prevents you from hitting the gnoll.
You kick the gnoll, but do no damage. You hit the goblin. You hit the gnoll.
The gnoll closely misses you. The gnoll barely misses you.
The goblin hits you but does no damage. The gnoll closely misses you.
You barely miss the gnoll. You hit the goblin.
You kill the goblin!
Lugonu accepts your kill.
You hit the hobgoblin but do no damage. You barely miss the gnoll.
The gnoll hits you from afar with a cursed -2 spear.
* * * LOW HITPOINT WARNING * * *
The gnoll hits you with a +0 whip.
* * * LOW HITPOINT WARNING * * *
The hobgoblin hits you with a +0 mace.
* * * LOW HITPOINT WARNING * * *
The gnoll hits you but does no damage.
You hit the gnoll. Your kick misses the gnoll.
The gnoll is moderately wounded.
You barely miss the gnoll. You completely miss the hobgoblin.
The gnoll hits you from afar with a cursed -2 spear.
You die...

#######.#####
#######.....)......
#....<.....##.#####
'..........##.#<#
#..........##.#.#
#..........##.#.#
#.r........##.#.#
#.gg.......##.#.###
#.@gg......##.#....
#..........##.#####
#.....a....##.#
####..#'#####.#
#..#.# #.# #..#.#
#.#####
....#.#####.#....
###.##.......#....
#.##########....


You could see a worker ant, 3 gnolls, a hobgoblin and a rat.

Vanquished Creatures
  An adder (D:2)
  An ooze (D:3)
  2 worms
  A leopard gecko (D:2)
  2 orcs (D:3)
  11 hobgoblins
  4 jackals (D:3)
  2 kobolds (D:1)
  A quokka (D:2)
  A ball python (D:1)
  12 bats
  A frilled lizard (D:2)
  8 goblins
  6 rats
53 creatures vanquished.

Notes
Turn   | Place    | Note
-------+----------+-------------------------------------------
     0 | Abyss:1  | Gargoyl the Centaur Abyssal Knight began the quest for the
                  | Orb.
     0 | Abyss:1  | Reached XP level 1. HP: 19/19 MP: 2/2
    90 | Abyss:3  | Noticed a small abomination
    98 | Abyss:3  | Noticed a small abomination
   108 | Abyss:3  | Found a corrupted altar of Lugonu.
   141 | Abyss:3  | Noticed a small abomination
   141 | Abyss:3  | Noticed a tentacled starspawn
   148 | D:1      | Escaped the Abyss
   317 | D:1      | Reached * piety under Lugonu
   317 | D:1      | Reached XP level 2. HP: 26/26 MP: 3/3
   964 | D:1      | Reached skill level 1 in Dodging
  1392 | D:2      | Reached XP level 3. HP: 25/31 MP: 4/4
  2368 | D:3      | Reached XP level 4. HP: 18/38 MP: 5/5
  2615 | D:3      | Reached ** piety under Lugonu
  2802 | D:3      | HP: 1/38 [poisoned by a worker ant]
  2873 | D:3      | Slain by a gnoll

Levels and vault maps discovered:
D:1:      dpeg_arrival_tiny_k, layout_loops_corners, minmay_pentomino_u2
D:2:      layout_loops_ring, serial_bayou_lagoon_a
D:3:      layout_basic

Skill      XL: |  1  2  3 |
---------------+----------+-----
Axes           | 2 |  2.4
Dodging        | 1 |  1.3
Armour         | 2 |  2.1
Fighting       | |  3.5
Invocations    | |  2.4

Action                   |  1- 3 |  4- 6 || total
-------------------------+-------+-------++-------
Melee: Hand axe          |   119 |    33 ||   152
       Kick              |    17 |     7 ||    24
Invok: Depart the Abyss  |     1 |       ||     1
  Use: Scroll            |    11 |       ||    11
       Potion            |       |     1 ||     1
  Eat: Chunk             |     3 |     1 ||     4
Armor: Leather armour    |    11 |       ||    11
       Scale mail        |    96 |    25 ||   121
Dodge: Dodged            |    85 |    25 ||   110

Table legend:
 A = Non-vault XP
 B = Vault XP
 C = Vault XP percentage of total XP
 D = Non-vault monster count
 E = Vault monster count
 F = Vault count percentage of total count
                 A         B        C        D         E       F
            +---------+---------+-------+---------+---------+-------
      Total |     112 |       3 |   2.6 |      51 |       2 |   3.8
            +---------+---------+-------+---------+---------+-------
        D:1 |      31 |       3 |   8.8 |      19 |       2 |   9.5
        D:2 |      38 |       0 |   0.0 |      14 |       0 |   0.0
        D:3 |      43 |       0 |   0.0 |      18 |       0 |   0.0
            +---------+---------+-------+---------+---------+-------
